 Dungeon Crawl Stone Soup version 0.25-a0-404-gc1b5a34292 (webtiles) character file.

Game seed: 1444468767747313061, levelgen mode: deterministic

163436 MordorOrchid the Severer (level 16, 0/149 HPs)
             Began as a Minotaur Wanderer on Jan 10, 2020.
             Was the Champion of Qazlal.
             Killed from afar by a shock serpent (5 damage)
             ... with a bolt of electricity
             ... on level 4 of the Snake Pit.
             The game lasted 02:01:23 (18409 turns).

MordorOrchid the Severer (Minotaur Wanderer)       Turns: 18409, Time: 02:01:26

Health: 0/149      AC: 22    Str: 17    XL:     16   Next: 98%
Magic:  19/22      EV: 10    Int: 12    God:    Qazlal [******]
Gold:   1185       SH: 28    Dex: 15    Spells: 15/15 levels left

rFire    . . .     SeeInvis .   w - +5 war axe (flame)
rCold    . . .     Gourm    .   l - +0 large shield
rNeg     + + .     Faith    .   x - +2 storm dragon scales {Bai Suzhen}
rPois    +         Spirit   .   (helmet restricted)
rElec    +         Reflect  .   O - scarf {repulsion}
rCorr    .         Harm     .   b - +0 pair of gloves of Hopscotch {rN+ Str-3 Dex+5}
MR       +....                  F - +0 pair of boots
Stlth    ..........             P - amulet "Umounk" {Acrobat rPois Int+4 Dex-3}
HPRegen  0.34/turn              s - +3 ring of evasion
MPRegen  0.18/turn              N - ring of positive energy

@: protected from electricity, studying Fighting, repel missiles
A: retaliatory headbutt, horns 2, clumsy 1, MP-powered wands
}: 1/15 runes: decaying
a: Upheaval, Elemental Force, Disaster Area, Renounce Religion


You were on level 4 of the Snake Pit.
You worshipped Qazlal.
Qazlal was exalted by your worship.
You were not hungry.

You visited 5 branches of the dungeon, and saw 30 of its levels.

You collected 1532 gold pieces.
You spent 347 gold pieces at shops.

Inventory:

Hand Weapons
 a - a +4 war axe of venom
 p - the +3 demon trident of Feidyara {venom, rF+ Int+4}
   (You found it on level 15 of the Dungeon)

   It poisons the flesh of those it strikes.
   It affects your intelligence (+4).
   It protects you from fire.
 w - a +5 war axe of flaming (weapon)
Missiles
 z - 10 curare-tipped darts
 E - 4 throwing nets (quivered)
 G - a boomerang
 M - 6 javelins
Armour
 b - the +0 pair of gloves of Hopscotch (worn) {rN+ Str-3 Dex+5}
   (You acquired it on level 3 of the Snake Pit)

   It affects your strength (-3).
   It affects your dexterity (+5).
   It protects you from negative energy.
 l - a +0 large shield (worn)
 x - +2 storm dragon scales (worn) {Bai Suzhen}
 F - a +0 pair of boots (worn)
 O - a scarf of repulsion (worn)
Jewellery
 s - a +3 ring of evasion (left hand)
 N - a ring of positive energy (right hand)
 P - the amulet "Umounk" (around neck) {Acrobat rPois Int+4 Dex-3}
   (You found it on level 6 of the Lair of Beasts)

   [amulet of the acrobat]

   It helps you evade while moving and waiting.
   It affects your intelligence (+4).
   It affects your dexterity (-3).
   It protects you from poison.
 T - an uncursed ring of ice
Wands
 c - a wand of disintegration (6)
 g - a wand of polymorph (21)
 j - a wand of digging (7)
 k - a wand of scattershot (3)
 y - a wand of enslavement (1)
 Q - a wand of acid (13)
 Z - a wand of iceblast (29)
Scrolls
 e - 3 scrolls of fog
 q - a scroll of immolation
 v - 8 scrolls of fear
 A - a scroll of summoning
 B - 4 scrolls of magic mapping
 C - a scroll of silence
 H - 4 scrolls of blinking
 I - 3 scrolls of teleportation
 S - 10 scrolls of remove curse
 V - 2 scrolls of identify
Potions
 h - 2 potions of magic
 m - 3 potions of heal wounds
 n - a potion of berserk rage
 o - 4 potions of resistance
 u - 7 potions of curing
 J - 2 potions of lignification
 L - 3 potions of ambrosia
 U - 2 potions of haste
 X - a potion of agility
Books
 R - a manual of Fighting
Miscellaneous
 Y - a fan of gales
Comestibles
 d - 43 rations


   Skills:
 * Level 15.3 Fighting
 * Level 17.8 Axes
 * Level 9.4 Throwing
 * Level 15.2 Armour
 - Level 1.1 Dodging
 - Level 1.0 Stealth
 + Level 17.1 Shields
 * Level 10.1 Invocations
 - Level 8.0 Evocations


You had 15 spell levels left.
You didn't know any spells.
Your spell library contained the following spells:

 Spells                   Type           Power        Failure   Level  Hunger
 Animate Skeleton         Necr           N/A          99%         1    ##.....
 Apportation              Tloc           #.....       99%         1    ##.....
 Beastly Appendage        Tmut           #.....       99%         1    ##.....
 Corona                   Hex            #......      99%         1    ##.....
 Freeze                   Ice            #...         99%         1    ##.....
 Pain                     Necr           #...         99%         1    ##.....
 Sandblast                Erth           #.....       99%         1    ##.....
 Summon Small Mammal      Summ           #...         99%         1    ##.....
 Ensorcelled Hibernation  Hex/Ice        #.....       100%        2    ###....
 Passwall                 Tmut/Erth      #.......     100%        2    ###....
 Sticks to Snakes         Tmut           #.......     100%        2    ###....
 Ignite Poison            Fire/Tmut/Pois #.......     100%        3    ####...
 Ozocubu's Armour         Chrm/Ice       #.......     100%        3    ####...
 Spider Form              Tmut/Pois      #.........   100%        3    ####...
 Stone Arrow              Conj/Erth      #.....       100%        3    ####...
 Vampiric Draining        Necr           #.........   100%        3    ####...
 Animate Dead             Necr           N/A          100%        4    #####..
 Hailstorm                Conj/Ice       #.......     100%        4    #####..
 Ice Form                 Ice/Tmut       #.......     100%        4    #####..
 Petrify                  Tmut/Erth      #.......     100%        4    #####..
 Summon Ice Beast         Ice/Summ       #.......     100%        4    #####..
 Agony                    Necr           #.......     100%        5    ######.
 Blade Hands              Tmut           #.........   100%        5    ######.
 Borgnjor's Vile Clutch   Necr/Erth      #.........   100%        5    ######.
 Fireball                 Conj/Fire      #.........   100%        5    ######.
 Lee's Rapid Deconstruct  Erth           #.........   100%        5    ######.
 Silence                  Hex/Air        #.........   100%        5    ######.
 Darkness                 Hex            #.........   100%        6    #######
 Shadow Creatures         Summ           N/A          100%        6    #######
 Starburst                Conj/Fire      #.........   100%        6    #######
 Ring of Flames           Chrm/Fire      #.........   100%        7    #######
 Ignition                 Fire           #.........   100%        8    #######


Dungeon Overview and Level Annotations

Branches:
Dungeon (15/15)            Temple (1/1) D:6            Lair (6/6) D:11
  Swamp (4/4) Lair:2        Snake (4/4) Lair:4        Slime (0/5) Lair:5
    Orc (0/2) D:10         Vaults (0/5) D:14         Depths (0/5) D:15

Altars:
Ashenzari
Cheibriados
Dithmenos
Elyvilon
Fedhas
Gozag
Hepliaklqana
Kikubaaqudgha
Makhleb
Nemelex Xobeh
Okawaru
Qazlal
Ru
Sif Muna
Trog
Uskayaw
Vehumet
Wu Jian
Xom
Yredelemnul
Zin
The Shining One
Jiyva

Shops:
D:5 [   D:10 (   Snake:3 %*

Portals:
Abyss: Lair:3
Trove: D:10 (give 12 scrolls of teleportation)

Annotations:
D:15 Roxanne
Lair:3 2 transporters, Fudesupn's ghost, journeyman GnFi
Snake:3 2 runed translucent doors, Pagrargh's ghost, journeyman MiBe


Innate Abilities, Weirdness & Mutations

You reflexively headbutt those who attack you in melee.
You have a pair of horns on your head.
You are clumsy. (Dex -2)
You expend magic power (3 MP) to strengthen your wands.


Message History

The shock serpent is almost dead.
The shock serpent's electric aura discharges, shocking you!
You resist.
The shock serpent shoots out a bolt of lightning at you!
The bolt of electricity hits you. You resist.
You feel more protected from electricity.
* * * LOW HITPOINT WARNING * * *
The bolt of electricity hits you! You resist.
* * * LOW HITPOINT WARNING * * *
The bolt of electricity hits the shock serpent.
The shock serpent completely resists.
The bolt of electricity hits the shock serpent.
The shock serpent completely resists.
You completely miss the shock serpent. Your headbutt misses the shock serpent.
The shock serpent is almost dead.
The shock serpent shoots out a bolt of lightning at you!
The bolt of electricity hits you! You resist.
* * * LOW HITPOINT WARNING * * *
The bolt of electricity hits you. You resist.
You die...

##### #@#.#
##S## ##.## #
##N##
#...###N## ##
#.....####..#
##.##.....#
#. ###.### ..
S #..## ##..


You could see a shock serpent.

Vanquished Creatures
  Bai Suzhen (Swamp:2)
  Rupert (D:12)
  6 thorn hunters
  Kirke (Swamp:3)
  2 nagarajas
  2 fire dragons
  An ogre mage (D:15)
  Harold (D:8)
  8 naga warriors
  16 hydras
  A vault guard (D:14)
  An ice dragon (D:15)
  A ghost crab (Swamp:2)
  4 anacondas
  3 catoblepae (Lair:6)
  A shambling mangrove (Swamp:3)
  8 two-headed ogres
  A death knight (D:12)
  A queen ant (Lair:3)
  3 centaur warriors
  8 death yaks (Lair:6)
  10 alligators
  A shock serpent (Snake:2)
  6 naga sharpshooters
  Sonja (Lair:5)
  4 skeletal warriors (D:15)
  A spriggan druid (Swamp:2)
  9 swamp dragons
  2 naga ritualists (Snake:4)
  3 lindwurms (D:15)
  Pikel (D:5)
  An ugly thing (D:11)
  An orc sorcerer (D:14)
  A mana viper (Snake:2)
  An orc knight (D:14)
  6 cyclopes
  3 manticores
  2 salamanders
  13 black mambas
  2 guardian serpents
  14 naga magi
  A torpor snail (Swamp:2)
  22 spiny frogs
  2 rime drakes
  Psyche (D:11)
  A kobold demonologist (D:13)
  An efreet (D:14)
  A freezing wraith (D:14)
  8 komodo dragons
  A tengu conjurer (D:14)
  6 polar bears
  4 trolls
  9 tyrant leeches
  A queen bee (shapeshifter) (D:14)
  8 bog bodies
  8 blink frogs
  9 hornets
  16 slime creatures
  8 hippogriffs
  Grinder (D:5)
  3 shadows
  Sigmund (D:2)
  7 spriggans
  3 wraiths
  4 wyverns
  A human (D:13)
  22 yaks
  4 hogs
  4 basilisks
  A steam dragon (D:8)
  18 vampire mosquitoes
  3 acid dragons
  A hungry ghost (D:13)
  13 swamp worms
  11 insubstantial wisps
  Duvessa (D:5)
  12 soldier ants (Lair:3)
  15 porcupines
  25 nagas
  11 water moccasins
  10 orc warriors
  11 swamp drakes
  A necrophage (D:10)
  2 eyes of draining (D:9)
  8 ice beasts
  3 sky beasts
  3 wolves (Lair:3)
  3 phantoms
  13 ogres
  8 centaurs
  8 crocodiles
  2 big kobolds
  19 bullfrogs
  A wyvern zombie (D:13)
  Dowan (D:5)
  4 scorpions
  A troll zombie (Swamp:2)
  A water moccasin skeleton (D:8)
  6 killer bees (D:7)
  2 electric eels
  2 howler monkeys
  2 troll skeletons (Swamp:2)
  6 bullfrog zombies
  5 crimson imps
  A quasit (D:11)
  2 centaur skeletons
  3 centaur zombies
  7 hounds
  2 jellies
  9 orc priests
  9 orc wizards
  A bullfrog skeleton (D:12)
  4 iguanas
  41 worker ants
  A hound zombie (D:6)
  3 worker ant zombies
  A howler monkey zombie (D:11)
  Robin (D:3)
  10 adders
  7 shadow imps
  2 oozes
  An adder skeleton (D:8)
  4 worms
  6 dart slugs
  6 leopard geckos
  42 orcs
  5 giant cockroaches
  14 goblins
  7 hobgoblins
  10 kobolds
  7 quokkas
  3 bats
  2 frilled lizards
  4 rats
  4 briar patches (Swamp:4)
  4 fungi
  13 plants
779 creatures vanquished.

Vanquished Creatures (others)
  An alligator (Swamp:2)
  An unseen horror (D:15)
  A lindwurm (D:15)
  A black mamba (Snake:4)
  A swamp worm (Swamp:1)
  A sky beast (D:5)
  A slave (D:5)
  A bullfrog skeleton (D:5)
  A leopard gecko skeleton (D:5)
  2 fungi
  15 plants
26 creatures vanquished.

Grand Total: 805 creatures vanquished

Notes
Turn   | Place    | Note
-------+----------+-------------------------------------------
     0 | D:1      | MordorOrchid the Minotaur Wanderer began the quest for the
                  | Orb.
     0 | D:1      | MordorOrchid set off with the following items: a +0 hand
                  | axe, a +0 ring mail, a +2 leather armour, a ration
     0 | D:1      | Reached XP level 1. HP: 22/22 MP: 0/0
    74 | D:1      | Reached skill level 5 in Fighting
   104 | D:1      | Reached XP level 2. HP: 23/29 MP: 1/1
   526 | D:2      | Noticed Sigmund
   531 | D:1      | Gained mutation: You are clumsy. (Dex -2) [potion of
                  | mutation]
   531 | D:1      | Gained mutation: You expend magic power (3 MP) to
                  | strengthen your wands. [potion of mutation]
   546 | D:2      | Killed Sigmund
   546 | D:2      | Reached XP level 3. HP: 35/36 MP: 2/2
   546 | D:2      | Reached XP level 4. HP: 41/42 MP: 3/3
   546 | D:2      | Reached XP level 5. HP: 47/48 MP: 4/4
   642 | D:2      | Found a snail-covered altar of Cheibriados.
   642 | D:2      | Found a blossoming altar of Fedhas.
   643 | D:2      | Found an iron altar of Okawaru.
   737 | D:2      | Reached skill level 5 in Armour
   870 | D:2      | Reached skill level 5 in Axes
  1138 | D:3      | Noticed Robin
  1148 | D:3      | Reached XP level 6. HP: 34/56 MP: 5/5
  1167 | D:3      | Killed Robin
  1167 | D:3      | Reached skill level 1 in Shields
  1179 | D:3      | You fall into a shaft and drop 2 floors!
  1179 | D:5      | Entered Level 5 of the Dungeon
  1179 | D:5      | Noticed Grinder
  1188 | D:5      | Noticed Dowan
  1190 | D:5      | Noticed Duvessa
  1272 | D:5      | Killed Duvessa
  1878 | D:4      | Reached XP level 7. HP: 46/61 MP: 6/6
  2269 | D:4      | Found a bloodstained altar of Trog.
  2655 | D:5      | Killed Dowan
  2655 | D:5      | Reached XP level 8. HP: 24/68 MP: 7/7
  3137 | D:5      | Noticed Pikel
  3155 | D:5      | Killed Pikel
  3155 | D:5      | Reached skill level 5 in Shields
  3213 | D:5      | Found Qegimaaz's Armour Shop.
  3255 | D:5      | Killed Grinder
  3317 | D:5      | Found a burning altar of Makhleb.
  3520 | D:6      | Reached XP level 9. HP: 66/74 MP: 8/8
  3547 | D:6      | Found a blossoming altar of Fedhas.
  3926 | D:6      | Found a staircase to the Ecumenical Temple.
  3935 | Temple   | Entered the Ecumenical Temple
  3990 | Temple   | Became a worshipper of Qazlal Stormbringer
  4011 | D:6      | Found a basalt altar of Yredelemnul.
  4079 | D:6      | Reached skill level 1 in Evocations
  4107 | D:6      | Found a white marble altar of Elyvilon.
  4248 | D:7      | Reached skill level 1 in Invocations
  4285 | D:7      | Found a shadowy altar of Dithmenos.
  4542 | D:7      | Reached * piety under Qazlal
  4546 | D:7      | Reached skill level 10 in Armour
  4991 | D:8      | Noticed Harold
  4998 | D:8      | Killed Harold
  4998 | D:8      | Reached skill level 10 in Axes
  4998 | D:8      | Reached XP level 10. HP: 81/81 MP: 10/10
  5275 | D:8      | Noticed a two-headed ogre
  5281 | D:8      | Killed a two-headed ogre
  5482 | D:8      | Found an ornate altar of the Wu Jian Council.
  5558 | D:7      | Found a shadowy altar of Dithmenos.
  5722 | D:8      | Found a sparkling altar of Nemelex Xobeh.
  6202 | D:9      | Found a sacrificial altar of Ru.
  6214 | D:9      | Noticed a two-headed ogre
  6219 | D:9      | Killed a two-headed ogre
  6292 | D:10     | Entered Level 10 of the Dungeon
  6332 | D:10     | Reached ** piety under Qazlal
  6411 | D:10     | Reached skill level 10 in Shields
  6579 | D:10     | Found a portal to a secret trove of treasure.
  6721 | D:10     | Found Noink's Antique Weapon Shoppe.
  6729 | D:10     | Bought a runed war axe for 149 gold pieces
  6748 | D:10     | Reached XP level 11. HP: 84/86 MP: 12/12
  6802 | D:10     | Found a staircase to the Orcish Mines.
  7016 | D:11     | Found a staircase to the Lair.
  7044 | D:11     | Noticed a two-headed ogre
  7052 | D:11     | Killed a two-headed ogre
  7096 | D:11     | Noticed Psyche
  7108 | D:11     | Killed Psyche
  7216 | D:11     | Got a topaz-studded plate armour
  7244 | D:11     | Identified the +4 plate armour of Uskayaw's Regard {Str+3}
                  | (You found it on level 11 of the Dungeon)
  7267 | D:11     | Found a shimmering altar of Xom.
  7337 | D:11     | Noticed a cyan ugly thing
  7348 | D:11     | Killed a cyan ugly thing
  7385 | D:11     | Identified a scroll of acquirement
  7523 | D:11     | Reached *** piety under Qazlal
  7707 | D:12     | Noticed Rupert
  7721 | D:12     | Paralysed by Rupert for 7 turns
  7734 | D:12     | Killed Rupert
  7734 | D:12     | Reached skill level 5 in Invocations
  7876 | D:12     | Noticed a two-headed ogre
  7880 | D:12     | Noticed a death knight
  7896 | D:12     | Killed a two-headed ogre
  7896 | D:12     | Reached XP level 12. HP: 91/97 MP: 14/14
  7913 | D:12     | Killed a death knight
  7913 | D:12     | Reached skill level 5 in Evocations
  8454 | D:13     | Reached **** piety under Qazlal
  8641 | D:13     | Noticed a centaur warrior
  8652 | D:13     | Killed a centaur warrior
  8965 | D:14     | Noticed a vault guard
  8973 | D:14     | Killed a vault guard
  8981 | D:14     | Found a gate to the Vaults.
  9045 | D:14     | Noticed a centaur warrior
  9053 | D:14     | Killed a centaur warrior
  9300 | D:14     | Noticed a six-headed hydra
  9309 | D:14     | Killed a one-headed hydra
  9315 | D:14     | Reached XP level 13. HP: 94/111 MP: 16/16
  9369 | D:14     | Reached skill level 5 in Throwing
  9386 | D:14     | Reached ***** piety under Qazlal
  9490 | D:15     | Entered Level 15 of the Dungeon
  9747 | D:15     | Reached skill level 10 in Fighting
  9991 | D:15     | Noticed a fire dragon
 10028 | D:15     | Killed a fire dragon
 10055 | D:15     | Found a staircase to the Depths.
 10192 | D:15     | Noticed Roxanne
 10359 | D:15     | Got a crude demon trident
 10360 | D:15     | Identified the +3 demon trident of Feidyara {venom, rF+
                  | Int+4} (You found it on level 15 of the Dungeon)
 10526 | Lair:1   | Entered Level 1 of the Lair of Beasts
 10743 | Lair:1   | Got a twisted rapier
 11101 | Lair:2   | Found a staircase to the Swamp.
 11113 | Lair:2   | Identified the cursed +0 rapier of Dudentia {pierce, rElec}
                  | (You found it on level 1 of the Lair of Beasts)
 11132 | Swamp:1  | Entered Level 1 of the Swamp
 11353 | Swamp:1  | Reached XP level 14. HP: 124/124 MP: 18/18
 11923 | Swamp:3  | Noticed Bai Suzhen
 12037 | Swamp:2  | HP: 2/126 [Bai Suzhen/torrent of water (41)]
 12038 | Swamp:2  | Killed Bai Suzhen
 12038 | Swamp:2  | Reached skill level 15 in Axes
 12151 | Swamp:2  | Reached ****** piety under Qazlal
 12537 | Swamp:3  | Noticed a thorn hunter
 12550 | Swamp:3  | Killed a thorn hunter
 12625 | Swamp:3  | Noticed Kirke
 12705 | Swamp:3  | Noticed a sphinx
 12709 | Swamp:3  | Paralysed by a sphinx for 6 turns
 12800 | Swamp:3  | Killed Kirke
 12800 | Swamp:3  | Reached XP level 15. HP: 133/135 MP: 20/20
 12922 | Swamp:4  | Entered Level 4 of the Swamp
 12975 | Swamp:3  | Reached skill level 15 in Shields
 13020 | Swamp:4  | Noticed a thorn hunter
 13149 | Swamp:4  | Noticed a thorn hunter
 13175 | Swamp:4  | Noticed a thorn hunter
 13194 | Swamp:4  | Noticed a thorn hunter
 13215 | Swamp:3  | Killed a thorn hunter
 13293 | Swamp:4  | Noticed a thorn hunter
 13310 | Swamp:3  | Killed a thorn hunter
 13720 | Swamp:4  | Killed a thorn hunter
 13875 | Swamp:4  | Killed a thorn hunter
 13934 | Swamp:4  | Killed a thorn hunter
 14065 | Swamp:4  | Got a decaying rune of Zot
 14728 | Lair:3   | Found a one-way gate to the infinite horrors of the Abyss.
 14728 | Lair:3   | Identified the +5 spear "Eluotiho" {distort, rC+ MR++ Int+2
                  | Stlth-}
 14780 | Lair:3   | Found a transporter.
 14791 | Lair:3   | Found a transporter.
 14806 | Lair:3   | Noticed Fudesupn's ghost (journeyman GnFi)
 14972 | Lair:4   | Found a staircase to the Snake Pit.
 15554 | Lair:5   | Noticed Sonja
 15565 | Lair:5   | Killed Sonja
 15565 | Lair:5   | Reached XP level 16. HP: 144/146 MP: 20/22
 15737 | Lair:5   | Found a staircase to the Slime Pits.
 15743 | Lair:5   | Found a viscous altar of Jiyva.
 15829 | Lair:6   | Entered Level 6 of the Lair of Beasts
 16701 | Lair:6   | Got a wavering copper amulet
 16704 | Lair:6   | Identified the amulet "Umounk" {Acrobat rPois Int+4 Dex-3}
                  | (You found it on level 6 of the Lair of Beasts)
 16718 | Lair:6   | Identified the +1 scale mail "Xiewujym" {+Blink rF+ rC+
                  | Str-4} (You found it on level 6 of the Lair of Beasts)
 16890 | Snake:1  | Entered Level 1 of the Snake Pit
 17461 | Snake:3  | Reached skill level 15 in Armour
 17712 | Snake:3  | Found a large runed translucent door.
 17712 | Snake:3  | Found a large runed translucent door.
 17720 | Snake:3  | Reached skill level 10 in Invocations
 17731 | Snake:3  | Noticed Pagrargh's ghost (journeyman MiBe)
 17798 | Snake:3  | Found Elum's Food Boutique.
 17824 | Snake:3  | Found Nutyidom's Mayhem Merchandise.
 17829 | Snake:3  | Bought a wand of iceblast (7) for 198 gold pieces
 17889 | Snake:3  | Reached skill level 15 in Fighting
 18149 | Snake:3  | Identified the +0 pair of gloves of Hopscotch {rN+ Str-3
                  | Dex+5} (You acquired it on level 3 of the Snake Pit)
 18157 | Snake:4  | Entered Level 4 of the Snake Pit
 18409 | Snake:4  | HP: 5/149 [shock serpent/bolt of electricity (8)]
 18409 | Snake:4  | Killed from afar by a shock serpent

Levels and vault maps discovered:
D:1:      ncdulo_halloftheorcs, layout_loops_ring
D:2:      layout_loops_corners, gammafunk_temple_overflow_claw, first_ration,
          uniq_sigmund
D:3:      layout_rooms, hangedman_glass_teeth, uniq_robin
D:4:      layout_loops_corners, bloody_trog, kennysheep_generic_room_11
D:5:      layout_loops_ring, lemuel_doored_altar, serial_shops, shop,
          uniq_duvessa, uniq_grinder, uniq_pikel
D:6:      layout_cave_pools, elyvilon_altar_3, lemuel_crystal_altar,
          minmay_temple_entry_junction, fedhas_ov_isle_minmay
D:7:      layout_loops_ring, lemuel_coloured_pillars_altar,
          nicolae_dithmenos_the_darkroom
D:8:      layout_basic, lemuel_round_altar, nemelex_lonely_heart_becter,
          uniq_harold
D:9:      layout_loops_cross, nicolae_overflow_hidden_temple
D:10:     layout_loops_ring, david_orc_1_choice, serial_shops,
          nicolae_shop_crystal, nicolae_trove_entry_free_sample
D:11:     layout_irregular_city, david_lair_shrubbed, basic_altar, uniq_psyche
D:12:     layout_loops_ring, uniq_rupert
D:13:     layout_rooms, grunt_pizzeria
D:14:     layout_roguey, david_vaults_5, minmay_misc_feat_rugged
D:15:     grunt_enter_depths_hoard, layout_basic, minivault_11,
          minmay_misc_feat_rows, minmay_lindwurm_lava, uniq_roxanne
Temple:   hc_temple_tempest_star
Lair:1:   layout_chaotic_city, chequers_serial_rivers_micro_b
Lair:2:   layout_gridlike, nicolae_swamp_entry_splash_gauntlet,
          grunt_megastairs_3
Lair:3:   layout_chaotic_city, gammafunk_ghost_abyssal_escape, zaba_anthell
Lair:4:   layout_small_grid, minmay_snake_entry_spellcaster,
          small_statue_intersection, lemuel_fruit_tree
Lair:5:   layout_gridlike, slime_altar_1, cheibrodos_lair_lostbears,
          grunt_megastairs_4, uniq_sonja
Lair:6:   evilmike_catoblepas_cave, layout_regular_city,
          infiniplex_staircase_pool
Swamp:1:  layout_falls_marsh, evilmike_swamp_ruin_rubble_1, swamp_pool5,
          nicolae_swamp_triple_paths
Swamp:2:  layout_basic_swamp, evilmike_swamp_ruin_house_5, swamp_pool1,
          cheibrodos_swamp_minitomb
Swamp:3:  layout_basic_swamp, hangedman_swamp_pad, worms_lemuel,
          uniq_bai_suzhen, uniq_kirke
Swamp:4:  swamp, layout_basic_swamp, swamp_pool1
Snake:1:  layout_chambers, hangedman_venom_bottle
Snake:2:  layout_honeycomb, st_stairs_8
Snake:3:  layout_chambers, ebering_ghost_disaster_area, serial_shops, shop,
          st_stairs_14, minmay_shop_mayhem
Snake:4:  snake_pit, layout_layer_cave

Skill      XL: |  1  2  3  4  5  6  7  8  9 10 11 12 13 14 15 16 |
---------------+-------------------------------------------------+-----
Fighting       | 5 6 9 11 13 14 15 | 15.3
Axes           | 4 5 6 8 10 11 12 13 14 15 16 17 | 17.8
Armour         | 4 5 6 7 9 10 11 12 13 14 15 | 15.2
Shields        | 2 4 6 8 10 11 12 14 16 17 | 17.1
Evocations     | 2 3 4 5 6 7 8 |  8.0
Invocations    | 2 3 5 6 7 8 9 10 | 10.1
Throwing       | 3 4 6 7 8 9 |  9.4
Dodging        | |  1.1
Stealth        | |  1.0

Action                   |  1- 3 |  4- 6 |  7- 9 | 10-12 | 13-15 | 16-18 || total
-------------------------+-------+-------+-------+-------+-------+-------++-------
Melee: Hand axe          |    37 |   166 |    69 |       |     5 |       ||   277
       Headbutt          |     6 |    28 |    55 |   124 |   250 |   107 ||   570
       War axe           |       |       |   250 |   593 |  1103 |   527 ||  2473
       Rapier            |       |       |       |       |    10 |       ||    10
Throw: Dart              |       |       |       |    23 |    10 |     1 ||    34
       Boomerang         |       |       |       |     8 |    41 |     2 ||    51
       Javelin           |       |       |       |       |     1 |       ||     1
       Throwing net      |       |       |       |       |       |     2 ||     2
Invok: Elemental Force   |       |       |       |       |     1 |       ||     1
       Disaster Area     |       |       |       |       |       |     1 ||     1
Evoke: Wand              |       |     5 |     3 |    15 |    29 |     4 ||    56
       Fan of gales      |       |       |       |       |     1 |       ||     1
  Use: Potion            |     4 |     4 |     5 |       |     4 |     3 ||    20
       Scroll            |       |     9 |     4 |     9 |    12 |     8 ||    42
 Stab: Sleeping          |     1 |       |       |       |       |       ||     1
       Invisible         |       |       |     2 |     1 |       |       ||     3
       Paralysed         |       |       |       |     2 |    13 |       ||    15
       Confused          |       |       |       |     1 |     1 |       ||     2
       Petrified         |       |       |       |       |       |     5 ||     5
       Held in net/web   |       |       |       |       |       |     2 ||     2
  Eat: Chunk             |       |     3 |    11 |    15 |    13 |     5 ||    47
       Ration            |       |       |       |       |     3 |     2 ||     5
Armor: Leather armour    |    11 |    29 |       |       |       |       ||    40
       Chain mail        |       |    43 |   133 |    82 |   278 |    34 ||   570
       Plate armour      |       |       |       |    93 |    81 |       ||   174
       Storm dragon scal |       |       |       |       |       |    55 ||    55
Dodge: Dodged            |    20 |    48 |    62 |   121 |   278 |   117 ||   646
       Deflected         |       |       |       |     4 |    23 |    18 ||    45
Block: Shield            |       |    53 |   144 |   388 |  1056 |   281 ||  1922
       Large shield      |       |       |       |       |       |   183 ||   183

Table legend:
 A = Non-vault XP
 B = Vault XP
 C = Vault XP percentage of total XP
 D = Non-vault monster count
 E = Vault monster count
 F = Vault count percentage of total count
                 A         B        C        D         E       F
            +---------+---------+-------+---------+---------+-------
      Total |  144247 |   70662 |  32.9 |     585 |     176 |  23.1
            +---------+---------+-------+---------+---------+-------
        D:1 |      29 |       0 |   0.0 |      13 |       0 |   0.0
        D:2 |      70 |     223 |  76.1 |      16 |       1 |   5.9
        D:3 |     116 |      34 |  22.7 |      14 |      11 |  44.0
        D:4 |     688 |       0 |   0.0 |      23 |       0 |   0.0
        D:5 |     449 |    1118 |  71.3 |      12 |       4 |  25.0
        D:6 |     953 |       0 |   0.0 |      21 |       0 |   0.0
        D:7 |    1000 |       0 |   0.0 |      22 |       0 |   0.0
        D:8 |    1773 |    1028 |  36.7 |      17 |       1 |   5.6
        D:9 |    2252 |       0 |   0.0 |      19 |       0 |   0.0
       D:10 |    2263 |     492 |  17.9 |      20 |       9 |  31.0
       D:11 |    4401 |     741 |  14.4 |      34 |       2 |   5.6
       D:12 |    4620 |    3043 |  39.7 |      32 |       1 |   3.0
       D:13 |    2803 |     200 |   6.7 |      11 |       1 |   8.3
       D:14 |   13112 |     980 |   7.0 |      43 |       1 |   2.3
       D:15 |    9281 |    3754 |  28.8 |      22 |       5 |  18.5
     Lair:1 |    1908 |       0 |   0.0 |      12 |       0 |   0.0
     Lair:2 |    1569 |    1055 |  40.2 |      10 |       6 |  37.5
     Lair:3 |    4015 |    3864 |  49.0 |      18 |      45 |  71.4
     Lair:4 |    4928 |     457 |   8.5 |      22 |       1 |   4.3
     Lair:5 |    2057 |    2837 |  58.0 |       8 |       7 |  46.7
     Lair:6 |    5277 |   12871 |  70.9 |      19 |      23 |  54.8
    Swamp:1 |    5862 |       0 |   0.0 |      22 |       0 |   0.0
    Swamp:2 |   18497 |    7492 |  28.8 |      41 |      11 |  21.2
    Swamp:3 |   15311 |   15744 |  50.7 |      30 |      23 |  43.4
    Swamp:4 |    8669 |    7684 |  47.0 |      18 |      13 |  41.9
    Snake:1 |    5915 |       0 |   0.0 |      10 |       0 |   0.0
    Snake:2 |    5892 |    1846 |  23.9 |      13 |       1 |   7.1
    Snake:3 |   13348 |     828 |   5.8 |      29 |       1 |   3.3
    Snake:4 |    7189 |    4371 |  37.8 |      14 |       9 |  39.1
            +---------+---------+-------+---------+---------+-------
